 Dungeon Crawl Stone Soup version 0.30-a0-634-g8abc85282e (webtiles) character file.

Game seed: 12731145009930232172

522528 KennySheep the Ruinous (level 24, -10/135 HPs)
             Began as a Deep Elf Conjurer on Jan 14, 2023.
             Was a High Priest of Sif Muna.
             Mangled by a sun demon (17 damage)
             ... in the Vestibule of Hell on Jan 15, 2023.
             The game lasted 06:19:32 (85153 turns).

KennySheep the Ruinous (Deep Elf Conjurer)         Turns: 85153, Time: 06:19:34

Health: -10/135    AC:  3    Str: 15    XL:     24   Next: 69%
Magic:  0/65       EV: 13    Int: 42    God:    Sif Muna [*****.]
Gold:   2803       SH: 10    Dex:  9    Spells: 6/59 levels left

rFire   + + +      SeeInvis +    b - staff of conjuration
rCold   + + .      Faith    .    q - +0 kite shield of Fiovore {rN+++ Str+3 Dex-4 Stlth-}
rNeg    + + +      Spirit   +    G - +4 moon troll leather armour {Spirit, Regen++ MP+5}
rPois   +          Reflect  .    Y - +0 hat of Supple Strength {Fly Str+4 Int+4}
rElec   .          Harm     .    V - scarf {rC+ rF+}
rCorr   .          Rampage  .    (no gloves)
Will    ++++.                    L - +1 pair of boots
Stlth   ++                       y - amulet of magic regeneration
HPRegen 2.02/turn                g - ring "Unulyul" {Drain rC+ Will++ MP+9 Stlth+}
MPRegen 0.79/turn                T - ring "Heiry" {rPois rF++ Str+4 Int+2 SInv}

@: corroded, flying, studying Unarmed Combat, unable to drink
A: high MP 1, inability to drink after injury 1
}: 2/15 runes: decaying, gossamer
a: Renounce Religion, Channel Magic, Forget Spell, Divine Exegesis


You were in the Vestibule of Hell.
You worshipped Sif Muna.
Sif Muna was extremely pleased with you.
You visited 10 branches of the dungeon, and saw 46 of its levels.
You visited 2 bazaars.
You also visited: Trove, Ice Cave and Wizlab.

You collected 7030 gold pieces.
You spent 4227 gold pieces at shops.

Inventory:

Armour
 q - the +0 kite shield of Fiovore (worn) {rN+++ Str+3 Dex-4 Stlth-}
   (You bought it in a shop in a bazaar)

   Str:       It affects your strength (+3).
   Dex:       It affects your dexterity (-4).
   rN:        It renders you almost immune to negative energy.
   Stlth:     It makes you less stealthy.
 G - the +4 moon troll leather armour (worn) {Spirit, Regen++ MP+5}
   (You took it off a moon troll in a wizard's laboratory)

   MP:        It affects your magic capacity (+5).
   Regen:     It increases your rate of health regeneration.
 L - a +1 pair of boots (worn)
 V - a scarf of resistance (worn)
 Y - the +0 hat of Supple Strength (worn) {Fly Str+4 Int+4}
   (You found it on level 2 of the Elven Halls)

   Str:       It affects your strength (+4).
   Int:       It affects your intelligence (+4).
   Fly:       It grants you flight.
Magical Staves
 a - a staff of fire
 b - a staff of conjuration (weapon)
Jewellery
 g - the ring "Unulyul" (left hand) {Drain rC+ Will++ MP+9 Stlth+}
   (You found it on level 3 of the Crypt)

   [ring of magical power]

   rC:        It protects you from cold.
   MP:        It affects your magic capacity (+9).
   Drain:     It drains your maximum health when unequipped.
   Will:      It greatly increases your willpower.
   Stlth:     It makes you more stealthy.
 y - an amulet of magic regeneration (around neck)
 T - the ring "Heiry" (right hand) {rPois rF++ Str+4 Int+2 SInv}
   (You found it in a wizard's laboratory)

   [ring of poison resistance]

   Str:       It affects your strength (+4).
   Int:       It affects your intelligence (+2).
   rF:        It greatly protects you from fire.
   rPois:     It protects you from poison.
   SInv:      It lets you see invisible.
Wands
 f - a wand of roots (18)
 i - a wand of mindburst (27)
 z - a wand of quicksilver (17)
 C - a wand of flame (42)
 E - a wand of paralysis (24)
 M - a wand of digging (15)
 U - a wand of polymorph (22)
Scrolls
 c - 6 scrolls of magic mapping
 e - 24 scrolls of teleportation
 o - 5 scrolls of blinking
 s - 7 scrolls of fog
 u - 12 scrolls of enchant weapon
 w - 4 scrolls of butterflies
 B - 5 scrolls of fear
 F - 6 scrolls of poison
 J - a scroll of brand weapon
 O - 5 scrolls of silence
 P - 43 scrolls of identify
 R - 6 scrolls of amnesia
 S - 9 scrolls of enchant armour
Potions
 h - 4 potions of magic
 j - 6 potions of mutation
 k - 3 potions of berserk rage
 l - 6 potions of cancellation
 m - 15 potions of heal wounds
 n - 4 potions of resistance
 p - 6 potions of brilliance
 t - 2 potions of flight
 x - 12 potions of ambrosia
 A - 12 potions of might
 D - 15 potions of curing
 K - 9 potions of haste
 Q - 3 potions of invisibility
Miscellaneous
 r - a phantom mirror
 W - a piece from Xom's chessboard (15/15)
 Z - a condenser vane


   Skills:
 + Level 9.2 Fighting
 - Level 10.1 Staves
 + Level 5.4 Armour
 + Level 10.4 Dodging
 - Level 5.0 Stealth
 + Level 10.8 Shields
 + Level 18.0 Spellcasting
 * Level 26.2 Conjurations
 - Level 9.4 Hexes
 - Level 8.6 Summonings
 - Level 5.1 Translocations
 * Level 26.1 Fire Magic
 - Level 12.1 Invocations
 - Level 9.0 Evocations


You had 6 spell levels left.
You knew the following spells:

 Your Spells              Type           Power      Damage    Failure   Level
a - Fire Storm            Conj/Fire      78%        8d20      3%          9
b - Ignition              Fire           65%        3d17      1%          8
c - Iskenderun's Mystic   Conj/Tloc      100%       2d19      1%          4
d - Fireball              Conj/Fire      78%        3d29      0%          5
e - Summon Mana Viper     Hex/Summ       85%        N/A       1%          5
f - Blink                 Tloc           100%       N/A       1%          2
g - Starburst             Conj/Fire      78%        6d20      0%          6
h - Orb of Destruction    Conj           78%        9d18      1%          7
i - Spellforged Servitor  Conj/Summ      67%        N/A       1%          7

Your spell library contained the following spells:

 Spells                   Type           Power      Damage    Failure   Level
 Foxfire                  Conj/Fire      100%       2x1d9     0%          1
 Kiss of Death            Conj/Necr      100%       2d13      0%          1
 Magic Dart               Conj           100%       1d8       0%          1
 Shock                    Conj/Air       100%       1d9       0%          1
 Momentum Strike          Conj/Tloc      100%       3d10      0%          2
 Scorch                   Fire           100%       2d10      0%          2
 Searing Ray              Conj           100%       2d8       0%          2
 Static Discharge         Conj/Air       100%       2-7/arc   0%          2
 Dazzling Flash           Conj/Hex       100%       N/A       0%          3
 Inner Flame              Hex/Fire       100%       N/A       0%          3
 Flame Wave               Conj/Fire      100%       2d21      0%          4
 Fulminant Prism          Conj/Hex       68%        3d28      0%          4
 Sticky Flame             Conj/Fire      100%       2d11      0%          4
 Iskenderun's Battlesphe  Conj           100%       2d15      0%          5
 Apportation              Tloc           100%       N/A       1%          1
 Beastly Appendage        Tmut           74%        N/A       1%          1
 Freeze                   Ice            100%       1d10      1%          1
 Necrotise                Necr           100%       1d9       1%          1
 Slow                     Hex            100%       N/A       1%          1
 Summon Small Mammal      Summ           100%       N/A       1%          1
 Call Imp                 Summ           84%        N/A       1%          2
 Ensorcelled Hibernation  Hex/Ice        100%       N/A       1%          2
 Call Canine Familiar     Summ           84%        N/A       1%          3
 Confusing Touch          Hex            86%        N/A       1%          3
 Gell's Gravitas          Tloc           69%        N/A       1%          3
 Hailstorm                Conj/Ice       100%       3d20      1%          3
 Ignite Poison            Fire/Tmut/Pois 84%        N/A       1%          3
 Kindle Blastsparks       Fire/Tloc/Air  100%       2d18      1%          3
 Lesser Beckoning         Tloc           100%       N/A       1%          3
 Mephitic Cloud           Conj/Pois/Air  100%       N/A       1%          3
 Portal Projectile        Hex/Tloc       100%       N/A       1%          3
 Stone Arrow              Conj/Erth      100%       3d13      1%          3
 Summon Guardian Golem    Hex/Summ       85%        N/A       1%          3
 Teleport Other           Tloc           69%        N/A       1%          3
 Tukima's Dance           Hex            86%        N/A       1%          3
 Vhi's Electric Charge    Tloc/Air       100%       N/A       1%          3
 Cause Fear               Hex            43%        N/A       1%          4
 Arcjolt                  Conj/Air       61%        1d71      1%          5
 Freezing Cloud           Conj/Ice/Air   52%        6-21      1%          5
 Irradiate                Conj/Tmut      61%        3d32      1%          5
 Lightning Bolt           Conj/Air       61%        1d84      1%          5
 Conjure Ball Lightning   Conj/Air       61%        3x3d22    1%          6
 Iron Shot                Conj/Erth      61%        9d11      1%          6
 Passwall                 Tmut/Erth      30%        N/A       2%          2
 Poisonous Vapours        Pois/Air       74%        N/A       2%          2
 Wereblood                Tmut           37%        N/A       2%          2
 Anguish                  Hex/Necr       33%        N/A       2%          4
 Leda's Liquefaction      Hex/Erth       33%        N/A       2%          4
 Manifold Assault         Tloc           69%        N/A       2%          4
 Passage of Golubria      Tloc           69%        N/A       2%          4
 Animate Armour           Summ/Erth      100%       N/A       3%          4
 Summon Ice Beast         Ice/Summ       65%        N/A       3%          4
 Summon Lightning Spire   Summ/Air       65%        N/A       3%          4
 Summon Forest            Summ/Tloc      38%        N/A       3%          5
 Ozocubu's Armour         Ice            37%        N/A       5%          3
 Spider Form              Tmut/Pois      37%        N/A       5%          3
 Swiftness                Air            37%        N/A       5%          3
 Vampiric Draining        Necr           37%        2d8       5%          3
 Metabolic Englaciation   Hex/Ice        33%        N/A       7%          5
 Silence                  Hex/Air        33%        N/A       7%          5
 Yara's Violent Unravell  Hex/Tmut       33%        3d14      7%          5
 Summon Cactus Giant      Summ           42%        N/A       8%          6
 Airstrike                Air            18%        2d(3-19)  17%         4
 Animate Dead             Necr           37%        N/A       17%         4
 Dispel Undead            Necr           37%        3d15      17%         4
 Olgreb's Toxic Radiance  Pois           37%        N/A       17%         4
 Petrify                  Tmut/Erth      37%        N/A       17%         4
 Dispersal                Tloc           34%        N/A       32%         6
 Agony                    Necr           37%        N/A       43%         5
 Alistair's Intoxication  Tmut/Pois      24%        N/A       43%         5
 Blade Hands              Tmut           18%        N/A       43%         5
 Borgnjor's Vile Clutch   Necr/Erth      18%        N/A       43%         5
 Lee's Rapid Deconstruct  Erth           18%        3d11*     43%         5
 Death Channel            Necr           18%        N/A       95%         6
 Eringya's Noxious Bog    Tmut/Pois      18%        N/A       95%         6
 Simulacrum               Ice/Necr       18%        N/A       95%         6
 Statue Form              Tmut/Erth      24%        N/A       95%         6
 Enfeeble                 Hex            43%        N/A       30%         7
 Monstrous Menagerie      Summ           42%        N/A       41%         7
 Summon Hydra             Summ           42%        N/A       41%         7
 Lehudib's Crystal Spear  Conj/Erth      61%        10d14     47%         8
 Malign Gateway           Summ/Tloc      38%        N/A       65%         7
 Discord                  Hex            43%        N/A       94%         8
 Haunt                    Necr/Summ      32%        N/A       95%         7
 Summon Horrible Things   Summ           42%        N/A       98%         8
 Dragon Form              Tmut           18%        N/A       100%        7
 Ozocubu's Refrigeration  Ice            18%        4d11      100%        7
 Storm Form               Tmut/Air       18%        N/A       100%        7
 Borgnjor's Revivificati  Necr           18%        N/A       100%        8
 Disjunction              Tloc           34%        N/A       100%        8
 Infestation              Necr           18%        N/A       100%        8
 Necromutation            Tmut/Necr      18%        N/A       100%        8
 Chain Lightning          Conj/Air       61%        3d81      100%        9
 Death's Door             Necr           18%        N/A       100%        9
 Dragon's Call            Summ           42%        N/A       100%        9
 Polar Vortex             Ice            18%        N/A       100%        9
 Shatter                  Erth           18%        3d17*     100%        9


Dungeon Overview and Level Annotations

Branches:
Dungeon (15/15)            Temple (0/1) D:6            Lair (5/5) D:8
  Swamp (4/4) Lair:3       Spider (4/4) Lair:2        Slime (0/5) Lair:5
    Orc (2/2) D:12            Elf (3/3) Orc:2        Vaults (5/5) D:14
  Crypt (3/3) Vaults:3       Tomb (0/3) Crypt:3      Depths (4/4) D:15
   Hell (1/1)                 Zot (0/5) Depths:4      IceCv (visited)
 WizLab (visited)
    Dis: Hell:1         Geh: Hell:1         Coc: Hell:1         Tar: Hell:1

Altars:
Cheibriados
Dithmenos
Fedhas
Gozag
Kikubaaqudgha
Nemelex Xobeh
Qazlal
Ru
Sif Muna
Trog
Uskayaw
Vehumet
Xom
Yredelemnul
Zin
Jiyva

Shops:
Orc:2 ?[=?   Elf:1 [   Elf:2 ([!   Elf:3 [:   Vaults:4 (   Depths:2 =
Depths:4 =

Portals:
Hell: Depths:1 Depths:2 Depths:3 Depths:4
Abyss: Depths:2 Depths:3
Pandemonium: Depths:1 Depths:2 Depths:3
Ziggurat: Depths:2

Annotations:
D:10 Erolcha
D:11 3 runed translucent doors, acebull12's ghost, journeyman DsGl
Swamp:1 1 runed translucent door, DeadOnArrival's ghost, journeyman MiGl
Vaults:1 1 runed translucent door, wormed's ghost, adept OpTm
Vaults:2 3 runed translucent doors
Depths:1 1 runed translucent door


Innate Abilities, Weirdness & Mutations

You have an increased reservoir of magic. (+10% MP)
You occasionally lose the ability to drink potions when taking damage.


Message History

The mystic blast hits the demonic crawler!!
The demonic crawler is almost dead.
The demonic crawler is knocked back by the mystic blast.
The demonic crawler slams into the rock wall!
You kill the demonic crawler!
Sif Muna accepts your kill.
You see here a demonic crawler corpse.
You see here a hell hound corpse.
You start resting.
HP restored.
You start resting.
Magic restored.
There is a gateway to Hell, spattered with blood here.
You fly down through the gate.
Welcome back to the Vestibule of Hell!
The hell rat roars deafeningly! x2; You hear a deafening roar!
The doom hound closely misses you. The doom hound claws you!
A fire vortex comes into view.
The rust devil completely misses you. The rust devil hits you.
The rust devil corrodes you! The doom hound bites you!!
The doom hound barely misses you. The sun demon completely misses you.
The sun demon hits you!!
You are engulfed in flames.
You resist.
A red devil comes into view. It is wielding a +0 trident.
You block the rust devil's attack. The rust devil barely misses you.
The soul eater misses you.
The fire vortex moves out of view.
There is a gateway back to the Dungeon, spattered with blood here.
The doom hound barks!
You block the doom hound's attack. The doom hound claws you!
The sun demon hits you!
You are engulfed in flames.
You resist. The sun demon hits you!!
You feel threatened and lose the ability to drink potions!
You are engulfed in flames.
You resist. The doom hound bites you!!
* * * LOW HITPOINT WARNING * * *
The doom hound claws you!
* * * LOW HITPOINT WARNING * * *
The soul eater hits you!
* * * LOW HITPOINT WARNING * * *
The rust devil hits you!
* * * LOW HITPOINT WARNING * * *
The rust devil corrodes you! The sun demon hits you!!
You die...

....... .......
...r...#.......
..r............
..hhh..........
...#.......#...
.....r.........
.....4h.3......
.....44@3......
......34.......
......3........
...#.......#...
...............
...............
.......#.......
4...... .......


You could see 4 doom hounds, 2 soul eaters, 2 sun demons, 2 ice devils, 2 rust
devils, a red devil and 3 hell rats.

Vanquished Creatures
  2 dread liches (Crypt:3)
  Mara (Spider:4)
  An ancient lich (Crypt:3)
  Sojobo (Depths:1)
  Bai Suzhen (Spider:3)
  Frederick (Depths:4)
  Geryon (Hell)
  6 golden dragons
  A caustic shrike (Depths:3)
  Nikola (Spider:1)
  3 doom hounds (Depths:4)
  A bone dragon (Crypt:3)
  Arachne (Spider:3)
  3 tentacled monstrosities
  A walking crystal tome (Depths:3)
  A moon troll (WizLab)
  Rupert (Lair:3)
  3 liches
  Asterion (Depths:1)
  Grunn (Depths:4)
  A deep elf blademaster (Elf:3)
  A walking earthen tome (Depths:4)
  2 deep elf master archers (Elf:3)
  2 quicksilver dragons (WizLab)
  A titan (Depths:3)
  4 sphinxes
  7 tentacled starspawn (WizLab)
  2 ancient champions (Crypt:3)
  2 thorn hunters
  3 tengu reavers
  A shadow dragon (Depths:2)
  2 storm dragons
  The ghost of pokeman the Sorcerer, an adept DEHW of Vehumet (Swamp:4)
  5 revenants
  10 fire giants
  A fenstrider witch (Swamp:4)
  3 emperor scorpions (Spider:4)
  Louise (Depths:3)
  Roxanne (D:14)
  A balrug (Depths:3)
  9 deep elf sorcerers (Elf:3)
  6 frost giants
  8 vault wardens
  A draconian scorcher (Depths:4)
  7 ghost moths
  2 curse skulls
  2 deep elf elementalists (Elf:3)
  2 cacodemons (WizLab)
  2 ghouls (Crypt:2)
  A draconian annihilator (Depths:4)
  5 broodmothers
  A war gargoyle (Vaults:4)
  2 reapers
  23 very ugly things
  16 ironbound preservers
  3 ironbound thunderhulks
  The ghost of Ziureph the Basher, a journeyman TrFi of Ashenzari (Elf:2)
  2 caustic shrike skeletons
  23 stone giants
  Azrael (D:13)
  An eleionoma (Swamp:1)
  2 black draconians (Depths:4)
  4 deep elf demonologists
  5 vampire knights
  12 dire elephants
  8 deep elf annihilators
  3 yellow draconians (Depths:4)
  5 bunyips
  14 spark wasps
  A white draconian (IceCv)
  3 eidola
  A merfolk javelineer (Depths:3)
  A mummy priest (Crypt:3)
  4 crystal guardians
  5 deep elf death magi
  9 fire dragons
  Josephine (Lair:5)
  2 deep elf high priests (Elf:3)
  13 ettins
  Fannar (D:11)
  12 jiangshi
  12 yaktaur captains
  8 great orbs of eyes
  2 shambling mangroves (Swamp:2)
  4 entropy weavers
  Harold (D:10)
  36 vault guards
  2 spriggan zombies
  4 rakshasas
  21 hydras
  3 ogre magi (Orc:2)
  A ghost crab (Swamp:2)
  9 ironbound frosthearts
  A spriggan skeleton (Crypt:3)
  6 jorogumos
  7 ice dragons
  2 peacekeepers
  2 catoblepae (Lair:5)
  A merfolk avatar (Lair:5)
  3 spriggan air magi
  A fenstrider witch skeleton (Crypt:2)
  8 alligators
  14 centaur warriors
  2 radroaches
  A satyr (shapeshifter) (Vaults:4)
  4 boulder beetles
  3 death knights
  A death scarab (Crypt:3)
  4 deep troll shamans
  13 death yaks
  7 deep troll earth magi
  A shock serpent (shapeshifter) (Depths:4)
  12 vampire magi
  8 hell knights
  6 tengu warriors
  6 spriggan berserkers
  10 deep elf knights
  Nergalle (Lair:3)
  3 shadow wraiths
  6 soul eaters
  8 iron trolls
  A sea snake (Lair:5)
  2 sun moths
  An anaconda zombie (Crypt:3)
  2 sixfirhies (Depths:3)
  A wretched star (WizLab)
  A golden dragon zombie (Crypt:2)
  5 flayed ghosts
  7 pharaoh ants
  11 skeletal warriors
  A bunyip zombie (Crypt:1)
  5 goliath frogs
  3 orange crystal statues
  13 orb spiders
  3 spriggan simulacra (Spider:3)
  57 deep trolls
  8 glowing orange brains
  6 harpies
  7 spriggan druids
  11 deep elf archers
  11 bog bodies
  9 swamp dragons
  A shadow dragon zombie (Vaults:2)
  3 steelbarb worms
  An obsidian statue (Elf:2)
  17 ironbound convokers
  8 phantasmal warriors
  8 wizards
  7 orc knights
  A mana viper (shapeshifter) (Vaults:4)
  13 necromancers
  5 lindwurms (Vaults:1)
  33 deep elf pyromancers
  24 wolf spiders
  9 orc sorcerers
  A salamander (Depths:3)
  4 will-o-the-wisps
  2 iron dragon zombies
  A sphinx skeleton (Crypt:3)
  30 deep elf zephyrmancers
  6 cyclopes
  3 manticores
  An eleionoma zombie (Crypt:2)
  36 ugly things
  6 moths of wrath
  A dire elephant zombie (Crypt:1)
  11 elephants (Lair:5)
  A water nymph (shapeshifter) (Vaults:4)
  A fire giant skeleton (Vaults:2)
  A naga mage (D:15)
  18 vault sentinels
  3 centaur zombies
  A smoke demon (Depths:3)
  4 rust devils
  10 cane toads
  4 gargoyles
  2 torpor snails (Spider:4)
  5 eyes of devastation (WizLab)
  5 black mambas
  A storm dragon simulacrum (Crypt:1)
  11 demonic crawlers
  5 centaur skeletons
  A white draconian zombie (Crypt:2)
  An orange demon (Depths:3)
  2 swamp worm zombies
  Psyche (D:11)
  32 yaktaurs
  2 unseen horrors
  24 rime drakes
  4 freezing wraiths
  An ice devil (Depths:4)
  2 kobold demonologists
  10 komodo dragons
  3 tengu conjurers
  4 meliai
  A green draconian skeleton (Crypt:3)
  A death yak skeleton (Crypt:3)
  A queen bee (shapeshifter) (D:14)
  7 guardian mummies (Crypt:3)
  12 polar bears (IceCv)
  2 bloated husks
  A burning bush (Lair:4)
  6 trolls
  4 tyrant leeches
  2 shadow dragon simulacra
  17 hornets
  A stone giant simulacrum (Depths:1)
  3 hellwings
  A blink frog (shapeshifter) (D:14)
  18 blink frogs
  23 tarantellas
  A tengu simulacrum (Depths:3)
  2 water elementals
  50 slime creatures
  5 air elementals
  29 jumping spiders
  32 dancing weapons
  A meliai zombie (D:11)
  2 shadows
  2 snapping turtles (Lair:5)
  8 spriggans
  A vampire (D:9)
  16 culicivoras
  A spriggan (shapeshifter) (D:13)
  A culicivora (shapeshifter) (D:15)
  4 wyverns
  5 fire elementals
  46 yaks
  8 golden eyes (WizLab)
  9 wraiths
  9 starcursed masses (WizLab)
  A golden eye (shapeshifter) (D:14)
  5 basilisks
  46 redbacks
  2 minotaur simulacra (Spider:3)
  14 vampire mosquitoes
  A neqoxec (WizLab)
  3 steam dragons
  17 swamp worms
  A yaktaur simulacrum (Vaults:4)
  An ogre zombie (Vaults:4)
  3 wargs
  A naga skeleton (Crypt:1)
  6 hell hounds
  14 water moccasins
  A deep troll skeleton (Crypt:2)
  2 floating eyes (Depths:1)
  A glowing shapeshifter skeleton (Depths:1)
  10 orc warriors
  3 acid dragons
  11 swamp drakes
  4 ice beasts
  5 black bears
  3 human zombies
  A sky beast (D:7)
  8 ogres
  A black mamba simulacrum (Crypt:1)
  An alligator simulacrum (Spider:3)
  4 boggarts (D:14)
  23 wolves
  7 centaurs
  A dream sheep zombie (Crypt:2)
  4 human skeletons
  5 kobold brigands
  8 bullfrogs
  A salamander zombie (Crypt:1)
  A gnoll sergeant (D:9)
  4 scorpions
  4 earth elementals (Elf:1)
  A deep troll simulacrum (Spider:3)
  2 necrophages
  10 wights
  24 killer bees
  A lindwurm simulacrum (Spider:3)
  A yak skeleton (Crypt:1)
  An electric eel (Elf:2)
  5 howler monkeys
  3 jellies (D:5)
  A black bear zombie (Crypt:3)
  3 hounds
  13 orc priests
  Crazy Yiuf (D:5)
  Jessica (D:3)
  Natasha (D:3)
  2 iguanas
  30 orc wizards
  A deep dwarf skeleton (Crypt:3)
  7 mummies
  8 gnolls
  2 adders
  A swamp drake skeleton (Crypt:1)
  4 shadow imps (D:11)
  A white imp (D:7)
  An ufetubus (D:5)
  5 worms
  2 dart slugs (D:4)
  46 orcs
  10 ball pythons
  9 endoplasms
  6 giant cockroaches
  12 goblins
  10 hobgoblins
  4 jackals (D:2)
  33 kobolds
  2 quokkas
  3 bats
  2 frilled lizards (D:1)
  A jackal skeleton (Crypt:1)
  An orc skeleton (Crypt:1)
  A quokka zombie (Crypt:3)
  4 rats
  A butterfly (Lair:3)
  3 starspawn tentacles (WizLab)
1947 creatures vanquished.

Vanquished Creatures (collateral kills)
  A tentacled monstrosity (Vaults:4)
  A walking earthen tome (Depths:3)
  A titan (Depths:4)
  An ancient champion (Crypt:3)
  A tengu reaver (Depths:2)
  A fire giant (Depths:2)
  A vault warden (Vaults:2)
  2 emperor scorpions
  2 orc warlords
  3 ironbound preservers
  2 very ugly things
  2 stone giants
  A deep elf demonologist (Elf:3)
  A black draconian (Depths:4)
  A dire elephant (Vaults:1)
  A yellow draconian (Depths:4)
  A fire dragon (Depths:2)
  A hydra (Swamp:3)
  2 jorogumos (Spider:1)
  A dancing weapon (Elf:2)
  4 boulder beetles
  A soul eater (Crypt:3)
  2 hell knights (Depths:4)
  A spriggan (Swamp:3)
  A deep elf knight (Elf:2)
  A pharaoh ant (Spider:2)
  A deep troll (Vaults:1)
  A ghost moth zombie (Crypt:1)
  3 skeletal warriors
  A wizard (Vaults:1)
  A deep elf pyromancer (Elf:2)
  3 ugly things
  A jorogumo skeleton (Crypt:3)
  2 wolf spiders
  A slime creature (Vaults:2)
  A demonic crawler (Spider:2)
  An elf skeleton (Vaults:2)
  A freezing wraith (Crypt:1)
  A yaktaur (Vaults:1)
  2 tarantellas (Spider:1)
  2 hornets
  A harpy skeleton (Crypt:3)
  3 jumping spiders
  4 culicivoras
  6 redbacks
  A swamp worm (Swamp:3)
  A hog skeleton (Crypt:1)
  A draconian zombie (Crypt:2)
  A mummy (Crypt:1)
  An adder skeleton (Crypt:1)
78 creatures vanquished.

Vanquished Creatures (others)
  A butterfly (D:10)
  2 demonic plants (WizLab)
  319 fire vortices
  4 foxfires
  280 fulminant prisms
  37 fungi
  63 plants
  10 starspawn tentacles (WizLab)
  7 withered plants
723 creatures vanquished.

Grand Total: 2748 creatures vanquished

Notes
Turn   | Place    | Note
-------+----------+-------------------------------------------
     0 | D:1      | KennySheep the Deep Elf Conjurer began the quest for the
                  | Orb.
     0 | D:1      | Reached XP level 1. HP: 10/10 MP: 6/6
   140 | D:1      | Reached skill level 1 in Hexes
   259 | D:1      | Reached XP level 2. HP: 15/15 MP: 2/8
   973 | D:2      | Reached XP level 3. HP: 19/19 MP: 6/9
  1311 | D:2      | Reached skill level 5 in Conjurations
  2272 | D:3      | Noticed Jessica
  2277 | D:3      | Killed Jessica
  2278 | D:3      | Reached XP level 4. HP: 24/24 MP: 7/11
  2313 | D:3      | Found a shimmering blue altar of Sif Muna.
  2369 | D:3      | Became a worshipper of Sif Muna the Loreminder
  2373 | D:3      | Learned a level 2 spell: Searing Ray
  2378 | D:3      | Learned a level 4 spell: Fulminant Prism
  2462 | D:3      | Found a hide-covered altar of Uskayaw.
  2609 | D:3      | Noticed Natasha
  2622 | D:3      | Killed Natasha
  3168 | D:4      | Identified a scroll of acquirement
  3220 | D:4      | Acquired a staff of conjuration
  3331 | D:4      | Identified the +0 helmet of Integrity {Slay+2}
  3486 | D:4      | Reached skill level 1 in Invocations
  3486 | D:4      | Reached XP level 5. HP: 27/28 MP: 3/13
  4186 | D:5      | Entered Level 5 of the Dungeon
  4314 | D:5      | Reached * piety under Sif Muna
  4361 | D:5      | Reached XP level 6. HP: 32/32 MP: 9/14
  4499 | D:5      | Reached skill level 5 in Hexes
  4717 | D:5      | Reached skill level 5 in Spellcasting
  4717 | D:5      | Reached XP level 7. HP: 23/36 MP: 7/16
  4976 | D:5      | Reached skill level 1 in Evocations
  4980 | D:5      | Reached skill level 1 in Fighting
  5153 | D:5      | Found Zazuita's Gadget Gallery.
  5278 | D:5      | Found a runed translucent door.
  5279 | D:5      | Noticed Crazy Yiuf
  5369 | D:5      | Found an opulent altar of Gozag.
  5470 | D:5      | Killed Crazy Yiuf
  5471 | D:5      | Reached XP level 8. HP: 43/43 MP: 11/18
  5702 | D:6      | Reached skill level 1 in Translocations
  6024 | D:6      | Reached ** piety under Sif Muna
  6221 | D:6      | Found a staircase to the Ecumenical Temple.
  6621 | D:6      | Learned a level 4 spell: Iskenderun's Mystic Blast
  6686 | D:7      | Reached XP level 9. HP: 49/49 MP: 12/20
  6933 | D:7      | Found a shadowy altar of Dithmenos.
  7214 | D:7      | Found a glowing silver altar of Zin.
  7599 | D:8      | Found a stormy altar of Qazlal.
  7646 | D:8      | Found a sacrificial altar of Ru.
  7814 | D:8      | Reached skill level 5 in Translocations
  7814 | D:8      | Reached skill level 5 in Invocations
  7970 | D:8      | Learned a level 3 spell: Tukima's Dance
  8021 | D:8      | Noticed a death yak
  8053 | D:8      | Reached *** piety under Sif Muna
  8324 | D:8      | Noticed a death yak
  8333 | D:8      | Killed a death yak
  8334 | D:8      | Reached XP level 10. HP: 56/56 MP: 7/23
  8547 | D:8      | Noticed a death yak
  8568 | D:8      | Killed a death yak
  8711 | D:8      | Found a staircase to the Lair.
  8711 | D:8      | Noticed a death yak
  8711 | D:8      | Noticed a death yak
  8711 | D:8      | Noticed a death yak
  8725 | D:8      | Killed a death yak
  8934 | D:8      | Killed a death yak
  8935 | D:8      | Reached skill level 10 in Conjurations
  8935 | D:8      | Reached skill level 5 in Evocations
  9170 | D:8      | Killed a death yak
  9197 | D:8      | Killed a death yak
  9372 | D:9      | Reached XP level 11. HP: 51/61 MP: 12/25
  9478 | D:9      | Reached skill level 5 in Stealth
  9913 | D:9      | Reached skill level 1 in Staves
  9927 | D:9      | Reached **** piety under Sif Muna
 10206 | D:9      | Found a blossoming altar of Fedhas.
 10226 | D:9      | Found a shimmering altar of Xom.
 10253 | D:9      | Found a sparkling altar of Nemelex Xobeh.
 10400 | D:9      | Acquired 700 gold pieces
 10403 | D:9      | Gained mutation: You passively dampen the noise of your
                  | surroundings. [potion of mutation]
 10403 | D:9      | Gained mutation: You have large cloven feet. [potion of
                  | mutation]
 10569 | D:10     | Entered Level 10 of the Dungeon
 10569 | D:10     | Noticed Erolcha
 10609 | D:10     | Learned a level 2 spell: Blink
 10907 | D:10     | Noticed Harold
 10946 | D:10     | Killed Harold
 11324 | D:11     | Found a runed translucent gate.
 11325 | D:11     | Found a runed translucent gate.
 11325 | D:11     | Found a runed translucent gate.
 11325 | D:11     | Noticed a ten-headed hydra
 11325 | D:11     | Noticed an 11-headed hydra
 11325 | D:11     | Noticed acebull12's ghost (journeyman DsGl)
 11332 | D:11     | Acquired 1125 gold pieces
 11429 | D:11     | Noticed Psyche
 11435 | D:11     | Killed Psyche
 11507 | D:11     | Noticed Fannar
 11513 | D:11     | Killed Fannar
 11713 | D:11     | Reached skill level 10 in Spellcasting
 11957 | D:11     | Reached XP level 12. HP: 66/66 MP: 11/28
 13069 | D:12     | Reached skill level 10 in Invocations
 13231 | D:12     | Reached ***** piety under Sif Muna
 13231 | D:12     | Received a gift from Sif Muna
 13232 | D:12     | Reached skill level 5 in Staves
 13233 | D:12     | Identified the +11 hand axe "Fiaf" {drain, Fly rC+ Int-4}
 13400 | D:12     | Got Sif Muna's Atlas of Misty Terrain {god gift}
 13688 | D:12     | Found a staircase to the Orcish Mines.
 14331 | D:12     | Found a bloodstained altar of Trog.
 14511 | Orc:1    | Entered Level 1 of the Orcish Mines
 15183 | Orc:2    | Entered Level 2 of the Orcish Mines
 15280 | Orc:2    | Found a staircase to the Elven Halls.
 15772 | Orc:2    | Reached skill level 5 in Dodging
 15899 | Orc:2    | Noticed an ogre mage
 15906 | Orc:2    | Killed an ogre mage
 16032 | Orc:2    | Reached XP level 13. HP: 65/72 MP: 25/30
 16066 | Orc:2    | Found Cuoxkott's Magic Scroll Shoppe.
 16105 | Orc:2    | Found a radiant altar of Vehumet.
 16109 | Orc:2    | Received a gift from Sif Muna
 16186 | Orc:2    | Got Muimax's Discursus on Trauma and Conduction {god gift}
 16194 | Orc:2    | Learned a level 6 spell: Starburst
 16267 | Orc:2    | Found Baunoeg's Antique Armour Emporium.
 16280 | Orc:2    | Reached skill level 1 in Fire Magic
 16378 | Orc:2    | Bought a warped ring mail for 270 gold pieces
 16378 | Orc:2    | Identified the +1 ring mail "Joeczi" {rC+ Dex+3} (You
                  | bought it in a shop on level 2 of the Orcish Mines)
 16381 | Orc:2    | Found an ancient bone altar of Kikubaaqudgha.
 16562 | Orc:2    | Found Kahe's Magic Scroll Shoppe.
 16570 | Orc:2    | Found Jiggipp's Jewellery Shoppe.
 16581 | Orc:2    | Bought the ring of the Glimmering Gods {rCorr MP+9 Str+4}
                  | for 760 gold pieces
 17157 | Lair:1   | Entered Level 1 of the Lair of Beasts
 18780 | Lair:2   | Reached skill level 5 in Fighting
 18892 | Lair:2   | Found a hole to the Spider Nest.
 19232 | Lair:3   | Noticed Rupert
 19254 | Lair:3   | Killed Rupert
 19504 | Lair:3   | Received a gift from Sif Muna
 19518 | Lair:3   | Got Sif Muna's Reference Book on Corpses {god gift}
 20243 | Lair:3   | Noticed Nergalle
 20255 | Lair:3   | Killed Nergalle
 20497 | Lair:3   | Found a staircase to the Swamp.
 20947 | Lair:4   | Reached skill level 5 in Fire Magic
 21223 | Lair:4   | Reached XP level 14. HP: 78/78 MP: 21/32
 21843 | Lair:5   | Entered Level 5 of the Lair of Beasts
 22360 | Lair:5   | Received a gift from Sif Muna
 22361 | Lair:5   | Got Sif Muna's Anthology of Injurious Firn {god gift}
 22696 | Lair:4   | Learned a level 7 spell: Orb of Destruction
 22704 | Lair:4   | Learned a level 7 spell: Spellforged Servitor
 22753 | Lair:5   | Reached skill level 10 in Staves
 22877 | Lair:5   | Identified the ring of Olo Coek {rN+ Will+ Int+4 Dex-5
                  | Stlth+}
 22895 | Lair:5   | Reached skill level 1 in Summonings
 23188 | Lair:5   | Found a viscous altar of Jiyva.
 23192 | Lair:5   | Found a staircase to the Slime Pits.
 23580 | Lair:5   | Noticed Josephine
 23586 | Lair:5   | Killed Josephine
 24202 | Lair:5   | Got Wabioh's Primer on Incantation
 24400 | Lair:5   | Received a gift from Sif Muna
 24401 | Lair:5   | Got Sif Muna's Folio of Foggy Blows {god gift}
 24412 | Lair:5   | Learned a level 4 spell: Sticky Flame
 24998 | D:13     | Acquired the ring of Zefopn {Wiz SInv}
 25484 | D:13     | Noticed Azrael
 25489 | D:13     | Killed Azrael
 26147 | D:13     | Reached XP level 15. HP: 84/84 MP: 24/34
 26328 | D:13     | Found a snail-covered altar of Cheibriados.
 26844 | D:14     | Noticed a storm dragon
 26968 | D:14     | Reached skill level 5 in Summonings
 27588 | D:14     | Killed a storm dragon
 27933 | D:14     | Noticed Roxanne
 27944 | D:14     | Killed Roxanne
 28572 | D:14     | Found a gate to the Vaults.
 28665 | D:15     | Entered Level 15 of the Dungeon
 30172 | D:15     | Found a staircase to the Depths.
 30442 | D:15     | Upgraded the game from 0.30-a0-632-g346586fe48 to
                  | 0.30-a0-634-g8abc85282e
 30699 | Swamp:1  | Entered Level 1 of the Swamp
 31429 | Swamp:1  | Found a runed translucent door.
 31431 | Swamp:1  | Noticed DeadOnArrival's ghost (journeyman MiGl)
 31596 | Swamp:1  | Received a gift from Sif Muna
 32658 | Swamp:2  | Reached XP level 16. HP: 92/92 MP: 30/36
 32707 | Swamp:2  | Identified the +4 plate armour "Weeral" {rN+ Slay+3}
 33394 | Swamp:2  | You fall into a shaft and drop 1 floor!
 33398 | Swamp:3  | Reached skill level 15 in Conjurations
 33775 | Swamp:3  | Noticed a thorn hunter
 33779 | Swamp:3  | Killed a thorn hunter
 33833 | Swamp:3  | Reached skill level 15 in Spellcasting
 34477 | Swamp:4  | Entered Level 4 of the Swamp
 34533 | Swamp:4  | Found a runed translucent gate.
 34533 | Swamp:4  | Found a runed translucent gate.
 34533 | Swamp:4  | Found a runed translucent gate.
 34533 | Swamp:4  | Noticed pokeman's ghost (adept DEHW)
 34550 | Swamp:4  | Killed pokeman's ghost
 34692 | Swamp:4  | Received a gift from Sif Muna
 34839 | Swamp:4  | Got Sif Muna's Incunabulum of Smouldering Geology {god
                  | gift}
 35021 | Swamp:4  | Noticed a thorn hunter
 35027 | Swamp:4  | Killed a thorn hunter
 35100 | Swamp:4  | Learned a level 9 spell: Fire Storm
 35112 | Swamp:4  | Identified the +1 leather armour of Byifiun {rPois Str+6}
 36199 | Swamp:4  | Reached skill level 1 in Armour
 36791 | Swamp:4  | Got a decaying rune of Zot
 37028 | Spider:1 | Entered Level 1 of the Spider Nest
 37595 | Elf:1    | Entered Level 1 of the Elven Halls
 38558 | Spider:1 | Reached XP level 17. HP: 97/97 MP: 22/39
 39041 | Vaults:1 | Entered Level 1 of the Vaults
 39741 | Vaults:1 | Received a gift from Sif Muna
 39742 | Vaults:1 | Got Sif Muna's Guidebook on Gathered Battling {god gift}
 39930 | Vaults:1 | Learned a level 5 spell: Iskenderun's Battlesphere
 40204 | Vaults:1 | Found a runed translucent door.
 40204 | Vaults:1 | Noticed wormed's ghost (adept OpTm)
 40777 | Vaults:1 | Reached skill level 10 in Fire Magic
 41841 | Vaults:1 | Reached skill level 5 in Armour
 42019 | Vaults:1 | Identified the +5 arbalest "Tehyrgh" {drain, +Blink Str+6
                  | Int-2 Dex+3}
 42095 | Vaults:1 | Learned a level 5 spell: Fireball
 42097 | Vaults:1 | Reached skill level 10 in Dodging
 43497 | Vaults:1 | Received a gift from Sif Muna
 43498 | Vaults:1 | Got Sif Muna's Catalogue of the Welkin and the Missiles
                  | {god gift}
 45160 | Spider:1 | Reached XP level 18. HP: 103/103 MP: 38/40
 45261 | Spider:1 | Noticed Nikola
 45266 | Spider:1 | Killed Nikola
 46690 | Spider:2 | Received a gift from Sif Muna
 46691 | Spider:2 | Got Axkineso's Monograph on the Serac and the Swarm {god
                  | gift}
 48011 | Spider:2 | Learned a level 5 spell: Summon Mana Viper
 49035 | Spider:3 | Found a frozen archway.
 49135 | IceCv    | Entered an ice cave
 49156 | IceCv    | Received a gift from Sif Muna
 49157 | IceCv    | Got Sif Muna's Elucidation of the Inquisitive Ultimatums
                  | {god gift}
 49699 | IceCv    | Identified the +0 pair of boots of Kleptomania {Harm Str+2
                  | Dex+4}
 49834 | IceCv    | Reached skill level 15 in Fire Magic
 49845 | IceCv    | HP: 3/103 [frost giant/bolt of cold (46)]
 50605 | IceCv    | Identified the ring of Trepidation {Drain Str+3 Int+6
                  | Dex+6}
 51389 | Spider:3 | Noticed Arachne
 51389 | Spider:3 | Noticed Bai Suzhen
 52287 | Spider:3 | Killed Arachne
 52544 | Spider:3 | Killed Bai Suzhen
 52545 | Spider:3 | Reached XP level 19. HP: 107/107 MP: 23/42
 53154 | Spider:4 | Entered Level 4 of the Spider Nest
 53270 | Spider:4 | Received a gift from Sif Muna
 53273 | Spider:4 | Got Loth's Book of the Retinue {god gift}
 55254 | Spider:4 | Noticed Mara
 55258 | Spider:4 | Killed Mara
 55885 | Spider:4 | Received a gift from Sif Muna
 56440 | Spider:4 | Got Sif Muna's Guidebook on Anthracomancy and the Charnel
                  | House {god gift}
 57143 | Spider:4 | Got a gossamer rune of Zot
 57598 | Vaults:2 | Found a runed translucent gate.
 57598 | Vaults:2 | Found a runed translucent gate.
 57598 | Vaults:2 | Found a runed translucent gate.
 59253 | Vaults:3 | Found a magical portal.
 59320 | Vaults:3 | Identified the ring "Tixokoipp" {Will+ MP+9 Int+2}
 59368 | Vaults:3 | Found a flickering gateway to a bazaar.
 59388 | Bazaar   | Entered a bazaar
 59388 | Bazaar   | Found Tank's Assorted Antiques.
 59463 | Bazaar   | Found Rosah's Antique Weapon Emporium.
 59468 | Bazaar   | Bought a scroll of butterflies for 64 gold pieces
 59468 | Bazaar   | Bought an ancient kite shield for 152 gold pieces
 59468 | Bazaar   | Identified the +0 kite shield of Fiovore {rN+++ Str+3 Dex-4
                  | Stlth-} (You bought it in a shop in a bazaar)
 59468 | Bazaar   | Bought a potion of heal wounds for 80 gold pieces
 59468 | Bazaar   | Bought a scroll of magic mapping for 120 gold pieces
 59472 | Bazaar   | Found Wiolor's Magic Scroll Shop.
 59480 | Bazaar   | Bought a scroll of teleportation for 36 gold pieces
 59480 | Bazaar   | Bought a scroll of teleportation for 36 gold pieces
 59480 | Bazaar   | Bought a scroll of magic mapping for 90 gold pieces
 59494 | Bazaar   | Found Taesikem's Antique Armour Emporium.
 59502 | Bazaar   | Found Dypsed's Distillery.
 59510 | Bazaar   | Bought a potion of curing for 54 gold pieces
 59510 | Bazaar   | Bought 2 potions of haste for 360 gold pieces
 59510 | Bazaar   | Bought a potion of curing for 54 gold pieces
 59570 | WizLab   | Entered Lehudib's Moon Base
 60044 | WizLab   | Found a transporter.
 60749 | WizLab   | Gained mutation: You sometimes lose your temper in combat.
                  | [a neqoxec]
 60753 | WizLab   | Gained mutation: You do not regenerate when monsters are
                  | visible. [a neqoxec]
 60756 | WizLab   | Lost mutation: You have large cloven feet. [potion of
                  | mutation]
 60756 | WizLab   | Lost mutation: You do not regenerate when monsters are
                  | visible. [potion of mutation]
 60756 | WizLab   | Lost mutation: You passively dampen the noise of your
                  | surroundings. [potion of mutation]
 60756 | WizLab   | Gained mutation: Your mind is acute. (Int +4, Str/Dex -1)
                  | [potion of mutation]
 60756 | WizLab   | Gained mutation: Your mind is very acute. (Int +8, Str/Dex
                  | -2) [potion of mutation]
 60757 | WizLab   | Lost mutation: You sometimes lose your temper in combat.
                  | [potion of mutation]
 60757 | WizLab   | Lost mutation: Your mind is very acute. (Int +8, Str/Dex
                  | -2) [potion of mutation]
 60757 | WizLab   | Lost mutation: Your mind is acute. (Int +4, Str/Dex -1)
                  | [potion of mutation]
 60757 | WizLab   | Gained mutation: You occasionally lose the ability to drink
                  | potions when taking damage. [potion of mutation]
 60757 | WizLab   | Gained mutation: You are clumsy. (Dex -2) [potion of
                  | mutation]
 60757 | WizLab   | Gained mutation: You sometimes lose the ability to drink
                  | potions when taking damage. [potion of mutation]
 60757 | WizLab   | Gained mutation: You passively map a small area around you.
                  | [potion of mutation]
 60758 | WizLab   | Lost mutation: You sometimes lose the ability to drink
                  | potions when taking damage. [potion of mutation]
 60758 | WizLab   | Lost mutation: You are clumsy. (Dex -2) [potion of
                  | mutation]
 60758 | WizLab   | Lost mutation: You occasionally lose the ability to drink
                  | potions when taking damage. [potion of mutation]
 60758 | WizLab   | Gained mutation: You occasionally lose the ability to read
                  | scrolls when taking damage. [potion of mutation]
 60758 | WizLab   | Gained mutation: You are robust. (+10% HP) [potion of
                  | mutation]
 61211 | WizLab   | Lost mutation: You occasionally lose the ability to read
                  | scrolls when taking damage. [potion of mutation]
 61211 | WizLab   | Lost mutation: You passively map a small area around you.
                  | [potion of mutation]
 61211 | WizLab   | Lost mutation: You are robust. (+10% HP) [potion of
                  | mutation]
 61211 | WizLab   | Gained mutation: You are agile. (Dex +4, Str/Int -1)
                  | [potion of mutation]
 61211 | WizLab   | Gained mutation: You occasionally lose the ability to read
                  | scrolls when taking damage. [potion of mutation]
 61211 | WizLab   | Gained mutation: You have hidden genetic potential. [potion
                  | of mutation]
 61212 | WizLab   | Lost mutation: You occasionally lose the ability to read
                  | scrolls when taking damage. [potion of mutation]
 61212 | WizLab   | Lost mutation: You are agile. (Dex +4, Str/Int -1) [potion
                  | of mutation]
 61212 | WizLab   | Gained mutation: You are clumsy. (Dex -2) [potion of
                  | mutation]
 61212 | WizLab   | Gained mutation: You occasionally lose the ability to drink
                  | potions when taking damage. [potion of mutation]
 61315 | WizLab   | Reached XP level 20. HP: 112/112 MP: 33/43
 61487 | WizLab   | Received a gift from Sif Muna
 61937 | WizLab   | Found a transporter.
 62767 | WizLab   | Identified the +5 dagger of Tipit {heavy, rN+ Will- Int+3
                  | Dex+7}
 62768 | WizLab   | Identified the ring "Heiry" {rPois rF++ Str+4 Int+2 SInv}
 64048 | Vaults:3 | Found an ancient bone altar of Kikubaaqudgha.
 64049 | Vaults:3 | Found a staircase to the Crypt.
 64053 | Vaults:3 | Found a basalt altar of Yredelemnul.
 65059 | Elf:1    | Paralysed by an air elemental for 1 turns
 65620 | Elf:1    | Got Bacziqet's Parchment of Accomplices
 65665 | Elf:1    | Found Cafum's Antique Armour Boutique.
 65789 | Elf:1    | Paralysed by an air elemental for 1 turns
 66522 | Elf:2    | Found a gateway to a bazaar.
 66545 | Bazaar   | Entered a bazaar
 66549 | Bazaar   | Found Ystris Ogoam's Antique Armour Boutique.
 66557 | Bazaar   | Found Atre's Antique Weapon Boutique.
 66568 | Bazaar   | Found Quunt's Distillery.
 66576 | Bazaar   | Bought a potion of heal wounds for 60 gold pieces
 66576 | Bazaar   | Bought a potion of brilliance for 48 gold pieces
 66579 | Bazaar   | Found Balier's Jewellery Shop.
 66587 | Bazaar   | Found Xualopt's General Store.
 66657 | Bazaar   | Bought a scroll of enchant armour for 120 gold pieces
 66657 | Bazaar   | Bought a scroll of enchant weapon for 120 gold pieces
 66657 | Bazaar   | Bought a scroll of enchant armour for 120 gold pieces
 66679 | Bazaar   | Bought a faintly glowing leather armour for 154 gold pieces
 66679 | Bazaar   | Identified the +2 leather armour "Xaeg" {Regen+ rCorr
                  | Slay-5} (You bought it in a shop in a bazaar)
 66679 | Bazaar   | Bought a glowing tower shield for 165 gold pieces
 66679 | Bazaar   | Bought a sheer robe for 125 gold pieces
 66679 | Bazaar   | Identified the +1 robe of Divine Compulsion {Drain rElec
                  | rC+} (You bought it in a shop in a bazaar)
 66898 | Elf:2    | Found Fuofecer's Antique Weapon Emporium.
 66922 | Elf:2    | Found Ucung's Distillery.
 67072 | Orc:2    | Bought a scroll of butterflies for 72 gold pieces
 67072 | Orc:2    | Bought a scroll of blinking for 135 gold pieces
 67072 | Orc:2    | Bought a scroll of teleportation for 54 gold pieces
 67072 | Orc:2    | Bought a scroll of teleportation for 54 gold pieces
 67371 | Elf:2    | Found Sadaihuck's Armour Boutique.
 67414 | Elf:2    | Found a runed translucent gate.
 67414 | Elf:2    | Found a runed translucent gate.
 67414 | Elf:2    | Found a runed translucent gate.
 67415 | Elf:2    | Noticed Ziureph's ghost (journeyman TrFi)
 67512 | Elf:2    | Found a runed translucent gate.
 67512 | Elf:2    | Found a runed translucent gate.
 67512 | Elf:2    | Found a runed translucent gate.
 67971 | Elf:3    | Entered Level 3 of the Elven Halls
 68227 | Elf:3    | Acquired a staff of fire
 68490 | Elf:3    | Found Azxiv's Book Emporium.
 68490 | Elf:3    | Found Heskoma's Armour Shoppe.
 68505 | Elf:3    | Bought the Unrestrained Analects for 924 gold pieces
 68515 | Elf:3    | Learned a level 8 spell: Ignition
 68927 | Elf:2    | Received a gift from Sif Muna
 69069 | Elf:2    | Gained mutation: You have an increased reservoir of magic.
                  | (+10% MP) [hidden potential]
 69704 | Elf:2    | Reached XP level 21. HP: 117/117 MP: 48/48
 69836 | Elf:2    | Paralysed by a Zot trap for 5 turns
 70097 | Elf:2    | Identified the +0 hat of Supple Strength {Fly Str+4 Int+4}
 70171 | Elf:2    | Killed Ziureph's ghost
 71228 | Elf:3    | Identified the ring "Rapaese" {Ice Drain rN+ Will+ Dex+4}
 71257 | Elf:3    | Identified the +8 war axe "Ogreslayer" {freeze, rC+}
 71440 | Elf:3    | Identified the +8 war axe of Circularity {heavy, Fly Int+3
                  | Dex+2}
 71668 | Elf:3    | Received a gift from Sif Muna
 71669 | Elf:3    | Got Sif Muna's Encyclopedia of the Inflammable Salvo {god
                  | gift}
 71855 | Elf:3    | Got Asmodeus's Folio of Collective Confrontation
 72663 | Crypt:1  | Entered Level 1 of the Crypt
 73038 | Crypt:1  | Reached skill level 1 in Shields
 73966 | Crypt:2  | Lost mutation: You are clumsy. (Dex -2) [hidden potential]
 73966 | Crypt:2  | Lost mutation: You have hidden genetic potential. [hidden
                  | potential expressed]
 74137 | Crypt:2  | Identified the ring of Midsummer {rN+++ Will++ Dex-3 SInv}
 74237 | Crypt:2  | Received a gift from Sif Muna
 74238 | Crypt:2  | Got Ufelis's Quarto of Turbulent Necromancy {god gift}
 74812 | Crypt:3  | Entered Level 3 of the Crypt
 74828 | Crypt:3  | Reached XP level 22. HP: 122/122 MP: 28/49
 74828 | Crypt:3  | Noticed a dread lich
 74831 | Crypt:3  | Killed a dread lich
 75562 | Crypt:3  | Reached skill level 5 in Shields
 75943 | Crypt:3  | Found a staircase to the Tomb.
 76261 | Crypt:3  | Noticed an ancient lich
 76477 | Crypt:3  | Received a gift from Sif Muna
 76479 | Crypt:3  | Killed an ancient lich
 76480 | Crypt:3  | Got Sif Muna's Folio of Productive Ozone {god gift}
 76514 | Crypt:3  | Noticed a dread lich
 76518 | Crypt:3  | Killed a dread lich
 76682 | Crypt:3  | Identified the amulet of Yhax Riy {Reflect rPois Will+++
                  | Slay-3 SH+5 SInv}
 76685 | Crypt:3  | Got the Meditations on Black Secrets
 76686 | Crypt:3  | Identified the ring "Ipeakof" {rC- Will+ Int+4 Slay+3}
 76697 | Crypt:3  | Identified the ring "Unulyul" {Drain rC+ Will++ MP+9
                  | Stlth+}
 78029 | Vaults:4 | Found Jymupo's Weapon Emporium.
 78147 | Vaults:4 | Received a gift from Sif Muna
 78331 | Vaults:5 | Entered Level 5 of the Vaults
 78333 | Vaults:5 | Reached XP level 23. HP: 125/127 MP: 47/50
 78633 | Depths:1 | Entered Level 1 of the Depths
 78646 | Depths:1 | Found a one-way gate leading to the halls of Pandemonium.
 79183 | Depths:1 | Found a gateway to Hell.
 79347 | Depths:1 | Noticed Sojobo
 79347 | Depths:1 | Noticed Asterion
 79348 | Depths:1 | Killed Asterion
 79349 | Depths:1 | Killed Sojobo
 79350 | Depths:1 | Received a gift from Sif Muna
 79768 | Depths:1 | Found a runed translucent door.
 80906 | Depths:2 | Found a one-way gateway to a ziggurat.
 80980 | Depths:2 | Found Amyph's Jewellery Emporium.
 81308 | Depths:2 | Received a gift from Sif Muna
 81311 | Depths:2 | Got Sif Muna's Progressing With Mysticism {god gift}
 81719 | Depths:2 | Reached ****** piety under Sif Muna
 81728 | Depths:2 | Reached skill level 10 in Shields
 81864 | Depths:2 | Identified the +5 hand axe "Paloimpa" {flame, Str+2}
 82141 | Depths:2 | Found a one-way gate to the infinite horrors of the Abyss.
 82563 | Depths:3 | Found a faded altar of an unknown god.
 82633 | Depths:3 | Reached XP level 24. HP: 133/133 MP: 5/50
 83313 | Depths:3 | Noticed Louise
 83316 | Depths:3 | Killed Louise
 83591 | Depths:4 | Entered Level 4 of the Depths
 83689 | Depths:4 | Noticed Frederick
 83691 | Depths:4 | Killed Frederick
 83701 | Depths:4 | Received a gift from Sif Muna
 84143 | Depths:4 | Found a portal to a secret trove of treasure.
 84203 | Depths:4 | You paid a toll of 16 potions of curing to enter a treasure
                  | trove
 84204 | Trove    | Entered a treasure trove
 84217 | Trove    | Identified the ring "Ceram" {rF+ Str+4 Int+3}
 84226 | Trove    | Identified the amulet "Kawiaj" {Faith Dex+3}
 84228 | Trove    | Identified the ring of Happiness {Int+6 Dex+5}
 84230 | Trove    | Identified the amulet of Temptation {Spirit Fly rC+++ Will-
                  | Int+4}
 84238 | Trove    | Identified the ring of Xicresch {Will+ MP+9 SInv}
 84361 | Depths:4 | Noticed Grunn
 84366 | Depths:4 | Killed Grunn
 84788 | Depths:4 | Found a gate to the Realm of Zot.
 84873 | Depths:4 | Found Upij's Jewellery Emporium.
 85026 | Hell     | Entered the Vestibule of Hell
 85026 | Hell     | Noticed Geryon
 85030 | Hell     | Killed Geryon
 85153 | Hell     | Mangled by a sun demon

Illustrated notes

Levels and vault maps discovered:
D:1:      dpeg_arrival_three_bigger_balls, layout_basic, kennysheep_doodads,
          hex_intersection
D:2:      minmay_door_path, layout_basic, grunt_decor_one_mirror
D:3:      layout_basic, eat_drink_and_be_merry_uskayaw, tgw_sif,
          chequers_serial_rivers_micro_c, uniq_natasha
D:4:      layout_basic, minmay_misc_feat_more_columns
D:5:      layout_cave_pools, nicolae_overflow_hidden_temple,
          nicolae_shop_gadgets, uniq_crazy_yiuf_cottage
D:6:      layout_basic, minmay_temple_entry_drinking_statues
D:7:      layout_rooms, overflow_temple_1_default,
          mainiacjoe_overflow_tiny_flanked, serial_curves, eino_curves_01,
          eino_curves_02, eino_curves_02, eino_curves_01, interstate_on_off,
          minivault_10
D:8:      layout_basic, mainiacjoe_overflow_small_starburst,
          mainiacjoe_overflow_cross_hatched, dpeg_lair_monsters
D:9:      layout_irregular_city, fedhas_altar_2,
          mainiacjoe_overflow_large_starburst
D:10:     layout_big_octagon, nicolae_elyvilon_peaceful_grove, uniq_harold,
          uniq_erolcha
D:11:     cheibrodos_grave_circle, layout_irregular_city,
          gammafunk_ghost_hydra_chop, uniq_fannar, uniq_psyche
D:12:     layout_rooms, erik_orc_4, trog_hazing_becter
D:13:     layout_rooms, cheibriados_altar_1, uniq_azrael
D:14:     minmay_bad_star, layout_basic, david_vaults_4,
          nicolae_figureground_sparkle, uniq_roxanne
D:15:     grunt_enter_depths_magical_seal, layout_layer_cave,
          minmay_misc_feat_rugged, minmay_variable_closet
Lair:1:   layout_regular_city
Lair:2:   layout_regular_city, nicolae_spider_entry_non_spiders,
          beast_lair_carwin_7, grunt_megastairs_2
Lair:3:   layout_roguey, minmay_swamp_entry_worms, lemuel_fruit_fields,
          serial_bayou_shore_b, infiniplex_staircase_pool, uniq_nergalle,
          uniq_rupert
Lair:4:   layout_roguey, st_stairs_11, evilmike_ambush
          [evilmike_ambush_outer_corners, evilmike_ambush_inner_basic]
Lair:5:   gammafunk_lair_ancient_temple, layout_gridlike,
          dpeg_slime_entry_corner, serial_rivers,
          chequers_serial_rivers_micro_c, chequers_serial_rivers_large_a,
          chequers_serial_rivers_small_3, chequers_serial_rivers_room_a,
          chequers_serial_rivers_large_b, columned_hall_lemuel, uniq_josephine
Swamp:1:  layout_falls_marsh, gammafunk_ghost_grave, serial_swamp_ruin,
          evilmike_swamp_ruin_rubble_1, evilmike_swamp_ruin_house_2, swamp_pool1
Swamp:2:  layout_basic_swamp, hangedman_swamp_ruin_wall
Swamp:3:  layout_basic_swamp, evilmike_swamp_ruin_house_1, swamp_pool5
Swamp:4:  swamp, layout_basic_swamp, ebering_ghost_rock_garden
Spider:1: layout_spider_delve, nicolae_spider_world_wide_web, uniq_nikola
Spider:2: layout_chambers, nicolae_spider_some_kinda_spiderbox
Spider:3: layout_chambers, portal_ice_cave_entry_ice_simulacra, uniq_arachne,
          uniq_bai_suzhen
Spider:4: spider_rune_water, uniq_mara
Orc:1:    layout_caves
Orc:2:    kennysheep_orc_mage_school, layout_diamond_mine
Elf:1:    layout_loops_corners, serial_shops, nicolae_shop_trees,
          minmay_elf_demonology
Elf:2:    elven_hall_of_blades_hangedman_original
          [nicolae_blade_entry_pointy_end], layout_onion_city, serial_shops,
          statue_bzr, nicolae_take_the_stairs, nicolae_shop_stone,
          nicolae_shop_trees, gammafunk_ghost_tricky_traps, elves_outpost_lemuel
Elf:3:    minmay_elf_hall_dome, layout_geoelf_octagon, minmay_shoptagon
Vaults:1: ebering_ghost_inner_flame, vaults_mumra_chevron,
          nicolae_vaults_little_ls, v_misc_29, vaults_dpeg_hooks,
          v_alt_pattern_4, v_alt_pattern_5, v_pattern_3,
          nicolae_vaults_little_squares_6, nicolae_vaults_big_ls,
          nicolae_vaults_yaktaur_gun_rack, layout_vaults_omnigrid
Vaults:2: ploomutoo_gammafunk_ghost_potion_laboratory,
          nicolae_vaults_little_squares_1, vaults_room_door_ring,
          ontoclasm_vaults_eye, vaults_room_fours, grunt_vaults_hallway_short,
          ontoclasm_vaults_fault, hangedman_vaults_nails,
          hangedman_vaults_locks, layout_vaults_big_room
Vaults:3: mu_enter_wizlab_1, ontoclasm_vaults_bender, ontoclasm_vaults_twist,
          minmay_crypt_entry_necro_gods, v_pattern_2, v_misc_12,
          nicolae_vaults_network_barrier, vaults_room_octagon,
          nicolae_vaults_border_crossing, nicolae_vaults_stairing_the_circle,
          layout_vaults_omnicross, serial_shops, bzr_entry_water
Vaults:4: vaults_mumra_minichess, dpeg_vaults_monster_row,
          nicolae_vaults_windows_and_doors_thing,
          vaults_room_grunt_arrival_checkpoint, nicolae_vaults_shelves_hall,
          v_misc_5, v_misc_28, ontoclasm_vaults_shout, vaults_dpeg_cross,
          vaults_mumra_lcd, vaults_room_pools, layout_vaults_maze_bifur,
          serial_shops, nicolae_lakefront_shop
Vaults:5
Crypt:1:  layout_regular_city, st_stairs_12, grunt_crypt_arrival_guarded_gate
Crypt:2:  statuecave_lemuel, layout_gridlike, grunt_megastairs_5
Crypt:3:  david_glass_crypt, layout_chaotic_city, tomb_entry_sphere_bobbens,
          minivault_23, grunt_ministairs_8, st_stairs_5,
          nicolae_crypt_soggy_tomb, hellmonk_scarab_ruin
Depths:1: layout_gridlike, pan_entry, grunt_decor_resistance, pf_coc_iceberg,
          kennysheep_treasure_room, uniq_sojobo, uniq_asterion
Depths:2: nzn_winding_woodlands_stair_cross
          [nzn_winding_woodlands_5x15_sawtooth,
          nzn_winding_woodlands_center_lodge, nzn_winding_woodlands_5x15_garden,
          nzn_winding_woodlands_5x5_open_star, nzn_winding_woodlands_hourglass,
          nzn_winding_woodlands_5x15_sidewinder,
          nzn_winding_woodlands_center_diamonds,
          nzn_winding_woodlands_5x15_concentric], layout_gridville,
          enter_ziggurat_c, pan_entry, abyss_entry_small_statue_room,
          hell_entry, serial_shops, shop_fountains,
          minmay_staircase_statues_hall_small, uniq_josephina
Depths:3: hangedman_arch_fort, layout_cave_pools, grunt_pan_entry_in_and_out,
          nicolae_lava_and_water, nicolae_abyss_entry_one_way_or_another,
          hell_entry, serial_column_ruins, column_ruins_hut_pillars,
          column_ruins_temple_circle, column_ruins_open_tiny,
          column_ruins_corridor_straight, column_ruins_open_small,
          column_ruins_grid_1, column_ruins_open_medium
Depths:4: grunt_bruiser_brothers, layout_basic, enter_trove_5,
          hangedman_tar_grid_catacomb, serial_shops, nicolae_shop_behind_doors,
          uniq_frederick, uniq_grunn
Hell

Skill      XL: |  1  2  3  4  5  6  7  8  9 10 11 12 13 14 15 16 17 18 19 20 21 22 23 24 |
---------------+-------------------------------------------------------------------------+-----
Hexes          | 1 2 3 4 5 6 7 9 |  9.4
Conjurations   | 5 6 7 8 9 10 11 13 14 16 17 18 20 21 23 24 25 26 | 26.2
Spellcasting   | 4 5 6 7 8 10 11 12 13 14 16 17 18 | 18.0
Invocations    | 1 2 3 4 5 6 9 10 11 12 | 12.1
Evocations     | 1 3 4 5 7 9 |  9.0
Fighting       | 1 2 3 4 5 6 7 8 9 |  9.2
Translocations | 3 5 |  5.1
Stealth        | 3 4 5 |  5.0
Dodging        | 3 4 5 6 8 9 10 | 10.4
Staves         | 4 7 9 10 | 10.1
Fire Magic     | 5 6 9 12 16 19 21 23 24 25 26 | 26.1
Summonings     | 4 7 8 |  8.6
Armour         | 3 5 |  5.4
Shields        | 3 7 10 | 10.8

Action                   |  1- 3 |  4- 6 |  7- 9 | 10-12 | 13-15 | 16-18 | 19-21 | 22-24 || total
-------------------------+-------+-------+-------+-------+-------+-------+-------+-------++-------
Melee: Dagger            |     7 |       |       |       |       |       |       |       ||     7
       Staff             |       |     3 |    22 |    65 |    80 |    50 |    81 |    28 ||   329
       Kick              |       |       |       |     3 |       |       |       |       ||     3
       Punch             |       |       |       |     1 |     2 |       |       |       ||     3
 Cast: Magic Dart        |    90 |    86 |    54 |    59 |     3 |       |       |       ||   292
       Fulminant Prism   |       |     5 |    48 |   109 |   115 |     3 |       |       ||   280
       Searing Ray       |       |     1 |    14 |     6 |     2 |       |       |       ||    23
       Iskenderun's Myst |       |       |     2 |   105 |   143 |   174 |   127 |    39 ||   590
       Tukima's Dance    |       |       |       |    12 |       |       |       |       ||    12
       Blink             |       |       |       |     4 |     1 |     7 |     5 |     1 ||    18
       Starburst         |       |       |       |       |    82 |    45 |    23 |     3 ||   153
       Orb of Destructio |       |       |       |       |   138 |   294 |   313 |    47 ||   792
       Sticky Flame      |       |       |       |       |     1 |       |       |       ||     1
       Spellforged Servi |       |       |       |       |       |    24 |    10 |     3 ||    37
       Fireball          |       |       |       |       |       |   105 |   148 |       ||   253
       Summon Mana Viper |       |       |       |       |       |     2 |     2 |     1 ||     5
       Fire Storm        |       |       |       |       |       |     1 |    81 |   297 ||   379
       Iskenderun's Batt |       |       |       |       |       |     1 |       |       ||     1
       Ignition          |       |       |       |       |       |       |       |     3 ||     3
Invok: Channel Magic     |       |       |       |     2 |     4 |     2 |     6 |     6 ||    20
       Forget Spell      |       |       |       |       |     1 |       |       |       ||     1
       Divine Exegesis   |       |       |       |       |       |     1 |     1 |       ||     2
Evoke: Wand              |       |       |     1 |       |     2 |     1 |     9 |     2 ||    15
  Use: Scroll            |     2 |     7 |     6 |     3 |    12 |    17 |     9 |       ||    56
       Potion            |       |     1 |       |     7 |     4 |     7 |     5 |       ||    24
 Stab: Sleeping          |       |       |       |     1 |     1 |       |       |       ||     2
       Distracted        |       |       |       |     1 |       |       |       |       ||     1
       Invisible         |       |       |       |       |       |     2 |       |       ||     2
Armor: Robe              |     1 |     6 |    10 |    47 |    70 |     6 |       |       ||   140
       Leather armour    |       |       |       |       |       |     2 |       |       ||     2
       Swamp dragon scal |       |       |       |       |       |    61 |    59 |       ||   120
       Troll leather arm |       |       |       |       |       |       |    22 |    13 ||    35
Dodge: Dodged            |     9 |     7 |    22 |    77 |   107 |    97 |   108 |    54 ||   481
Block: Other             |       |       |     9 |    34 |    31 |     9 |       |       ||    83
       Reflection        |       |       |     1 |     8 |     5 |    13 |    17 |       ||    44
       Buckler           |       |       |       |       |       |    65 |    89 |     3 ||   157
       Kite shield       |       |       |       |       |       |       |       |    29 ||    29

Table legend: (Time is in decaauts)
 A = Elapsed time spent in this place.
 B = Non-inter-level travel time spent in this place.
 C = Inter-level travel time spent in this place.
 D = Time resting spent in this place.
 E = Time spent auto-exploring this place.
 F = Levels seen in this place.
 G = Mean time per level.
                   A        B        C        D        E       F      G
               +--------+--------+--------+--------+--------+-----+--------+
         Total |  85630 |  78993 |   6637 |  29497 |  37247 |  51 | 1679.0 |
       Dungeon |  22240 |  19524 |   2716 |   5547 |  11464 |  15 | 1482.7 |
          Lair |   8690 |   7831 |    859 |   2085 |   4664 |   5 | 1738.0 |
         Swamp |   6650 |   6329 |    321 |   3206 |   2285 |   4 | 1662.5 |
   Spider Nest |  11500 |  11173 |    327 |   5271 |   4337 |   4 | 2875.0 |
  Orcish Mines |   2950 |   2508 |    442 |   1110 |    959 |   2 | 1475.0 |
   Elven Halls |   7030 |   6687 |    343 |   2295 |   3273 |   3 | 2343.3 |
        Vaults |  11400 |  10430 |    970 |   4261 |   4364 |   5 | 2280.0 |
         Crypt |   4158 |   3827 |    331 |   1141 |   1993 |   3 | 1386.0 |
        Depths |   5865 |   5541 |    324 |   1582 |   2892 |   4 | 1466.2 |
          Hell |      9 |      9 |      0 |      0 |      0 |   1 |    9.0 |
        Bazaar |    303 |    303 |      0 |      0 |    104 |   2 |  151.5 |
         Trove |     55 |     55 |      0 |      0 |     25 |   1 |   55.0 |
      Ice Cave |   1511 |   1511 |      0 |    902 |    314 |   1 | 1511.0 |
        Wizlab |   3262 |   3262 |      0 |   2096 |    571 |   1 | 3262.0 |
               +--------+--------+--------+--------+--------+-----+--------+

Top non-repeatable levels by time:
Vaults:1: 5016 daAuts
Spider:4: 3746 daAuts
  WizLab: 3262 daAuts
   Elf:2: 3117 daAuts
Spider:3: 2989 daAuts
    D:14: 2843 daAuts
Vaults:3: 2682 daAuts
Spider:2: 2661 daAuts
  Lair:5: 2599 daAuts
    D:11: 2208 daAuts
   Orc:2: 2205 daAuts
   Elf:3: 2126 daAuts
Vaults:2: 2107 daAuts
Spider:1: 2103 daAuts
     D:8: 2088 daAuts
